 Dungeon Crawl Stone Soup version 0.23.2-1-ga50397a (webtiles) character file.

Game seed: 10036167128804265271

44 Leeroy the Conjurer (level 3, -4/26 HPs)
             Began as a Draconian Conjurer on Apr 14, 2019.
             Slain by an ogre
             ... wielding a +0 giant club
              (22 damage)
             ... in the Ecumenical Temple.
             The game lasted 00:05:51 (1215 turns).

Leeroy the Conjurer (Draconian Conjurer)            Turns: 1215, Time: 00:05:52

Health: -4/26      AC:  5    Str: 10    XL:     3   Next: 39%
Magic:  3/6        EV: 12    Int: 16    God:
Gold:   48         SH:  0    Dex: 11    Spells: 0/6 levels left

rFire    . . .     SeeInvis .   l - +0 short sword
rCold    . . .     Gourm    .   (no shield)
rNeg     . . .     Faith    .   (armour unavailable)
rPois    .         Spirit   .   (helmet restricted)
rElec    .         Reflect  .   (no cloak)
rCorr    .         Harm     .   (no gloves)
MR       .....                  (no boots)
Stlth    ++........             (no amulet)
HPRegen  0.08/turn              (no ring)
MPRegen  0.10/turn              (no ring)

@: no status effects
A: unfitting armour, cold-blooded, AC +5
a: no special abilities


You were in the Ecumenical Temple.
You were very hungry.

You visited 2 branches of the dungeon, and saw 5 of its levels.

You collected 48 gold pieces.

Inventory:

Hand Weapons
 d - a +0 hand axe
 g - a +0 dagger
 l - a +0 short sword (weapon)
 m - a +0 club
Missiles
 j - 13 stones (quivered)
Scrolls
 a - a scroll of amnesia
 c - a scroll of noise {unknown}
 f - 4 scrolls of identify {unknown}
Potions
 e - a potion of curing {unknown}
Comestibles
 b - 3 rations


   Skills:
 - Level 1.7 Dodging
 - Level 1.7 Stealth
 - Level 2.0 Spellcasting
 + Level 5.2 Conjurations
 * Level 0.2 Hexes


You couldn't memorise any spells.
You knew the following spells:

 Your Spells              Type           Power        Failure   Level  Hunger
a - Magic Dart            Conj           ###.         2%          1    #......
b - Searing Ray           Conj           ###...       3%          2    ###....
c - Dazzling Spray        Conj/Hex       ##....       21%         3    ###....

Your spell library contained the following spells:

 Spells                   Type           Power        Failure   Level  Hunger
 Iskenderun's Mystic Bla  Conj           ###.....     24%         4    #####..
 Force Lance              Conj/Tloc      #.......     56%         4    #####..
 Fulminant Prism          Conj/Hex       ##........   56%         4    #####..


Dungeon Overview and Level Annotations

Branches:
Dungeon (4/15)             Temple (1/1) D:4

Altars:
Ashenzari
Cheibriados
Gozag
Hepliaklqana
Okawaru
Qazlal
Uskayaw
Xom
Yredelemnul
Zin

Annotations:
D:3 1 runed translucent door, Terence


Innate Abilities, Weirdness & Mutations

Your plain brown scales are hard. (AC +5)
You cannot fit into any form of body armour.
You are cold-blooded and may be slowed by cold attacks.


Message History

The ogre is lightly wounded.
The ogre is dazzled.
You are feeling very hungry.
The ogre barely misses you.
You barely miss the ogre.
The ogre is lightly wounded.
The ogre closely misses you.
You hit the ogre.
The ogre is lightly wounded.
You barely miss the ogre.
The ogre is lightly wounded.
The ogre completely misses you.
You barely miss the ogre.
The ogre is lightly wounded.
The ogre hits you with a +0 giant club!
You hit the ogre.
The ogre is moderately wounded.
The ogre hits you with a +0 giant club!!
Ouch! That really hurt!
You die...

..............................§≈≈
..............................§§§
.............................≈§§§
.........⌠............._....≈≈§§
...........................≈≈§≈§
..........................§§≈§§≈
.........................≈≈§§§≈≈
........._......O.._....§≈§≈≈≈§
................@....§§≈≈≈≈§≈§≈
....................§§≈§≈§§≈≈≈
....................§§≈§§≈≈≈≈
..._..........._....§≈§≈≈§§≈
...................≈§≈≈≈≈≈§
§§................≈§§§≈≈§§
§§§§.............≈≈≈§≈§≈§
≈§§.............≈≈≈§§§§≈
§≈≈§.....<.....≈§§≈


You could see an ogre (blind).

Vanquished Creatures
  An ooze (D:1)
  A worm (D:4)
  3 leopard geckos
  4 bats
  A giant cockroach (D:4)
  2 goblins (D:1)
  5 hobgoblins
  4 jackals (D:1)
  2 kobolds
  3 frilled lizards (D:1)
  A jackal zombie (D:3)
  A quokka skeleton (D:4)
  4 rats
32 creatures vanquished.

Notes
Turn   | Place    | Note
-------+----------+-------------------------------------------
     0 | D:1      | Leeroy the Draconian Conjurer began the quest for the Orb.
     0 | D:1      | Reached XP level 1. HP: 14/14 MP: 3/3
   235 | D:1      | Reached XP level 2. HP: 16/20 MP: 1/5
   255 | D:1      | Learned a level 2 spell: Searing Ray
   471 | D:1      | Reached skill level 5 in Conjurations
   498 | D:1      | Reached XP level 3. HP: 26/26 MP: 4/6
   503 | D:1      | Learned a level 3 spell: Dazzling Spray
   938 | D:2      | Noticed Terence
  1049 | D:3      | Found a runed translucent door.
  1049 | D:3      | Noticed a human
  1050 | D:3      | Found a basalt altar of Yredelemnul.
  1078 | D:3      | You fall through a shaft!
  1129 | D:4      | Found a staircase to the Ecumenical Temple.
  1129 | D:4      | Noticed an ogre
  1134 | Temple   | Entered the Ecumenical Temple
  1215 | Temple   | Slain by an ogre

Skill      XL: |  1  2 |
---------------+-------+-----
Conjurations   | 5 |  5.2
Dodging        | |  1.7
Stealth        | |  1.7
Spellcasting   | |  2.0
Hexes          | |  0.2

Action                   || total
-------------------------++-------
Melee: Dagger            ||    64
       Tailslap          ||     9
       Short sword       ||    47
 Cast: Magic Dart        ||    20
       Searing Ray       ||     3
       Dazzling Spray    ||     3
  Use: Scroll            ||     3
       Potion            ||     1
 Stab: Invisible         ||     1
  Eat: Chunk             ||     1
Armor: Skin              ||    50
Dodge: Dodged            ||   112
